 Dungeon Crawl Stone Soup version 0.30-a0-368-g86fb4627a9 (webtiles) character file.

Game seed: 8700734684964773628

4473 Maratek the Cruncher (level 10, -3/84 HPs)
             Began as a Human Fighter on Nov 18, 2022.
             Killed from afar by Maggie (7 damage)
             ... with a bolt of fire
             ... on level 8 of the Dungeon.
             The game lasted 00:22:13 (6588 turns).

Maratek the Cruncher (Human Fighter)                Turns: 6588, Time: 00:22:14

Health: -3/84      AC: 11    Str: 22    XL:     10   Next: 64%
Magic:  10/10      EV: 15    Int: 16    God:
Gold:   385        SH:  0    Dex: 16    Spells: 9/9 levels left

rFire   + . .      SeeInvis .    f - +4 lajatang (vamp)
rCold   + . .      Faith    .    (shield currently unavailable)
rNeg    . . .      Spirit   .    b - +0 scale mail
rPois   +          Reflect  .    a - +0 hat
rElec   +          Harm     .    z - +0 cloak
rCorr   +          Rampage  .    p - +0 pair of gloves
Will    .....                    n - +0 pair of boots
Stlth   +++.......               (no amulet)
HPRegen 0.34/turn                k - +6 ring of intelligence
MPRegen 0.12/turn                j - +4 ring of evasion

@: resistant, mesmerised
A: thin skeletal structure 2, robust 1, strong 1
a: no special abilities


You were on level 8 of the Dungeon.
You visited 1 branch of the dungeon, and saw 9 of its levels.

You collected 385 gold pieces.

Inventory:

Hand Weapons
 f - a +4 vampiric lajatang (weapon)
Missiles
 t - a throwing net (quivered)
Armour
 a - a +0 hat (worn)
 b - a +0 scale mail (worn)
 n - a +0 pair of boots (worn)
 p - a +0 pair of gloves (worn)
 z - a +0 cloak (worn)
Jewellery
 j - a +4 ring of evasion (right hand)
 k - a +6 ring of intelligence (left hand)
Wands
 l - a wand of flame (40)
 A - a wand of charming (10)
Scrolls
 c - 2 scrolls of immolation
 r - 2 scrolls of teleportation
 u - 4 scrolls of fear
 v - a scroll of identify
 x - a scroll of poison {unknown}
 y - a scroll of enchant armour {unknown}
Potions
 d - 2 potions of might
 e - a potion of berserk rage {unknown}
 h - 2 potions of haste
 i - a potion of invisibility
 m - a potion of degeneration
 o - 2 potions of ambrosia {unknown}
 q - 2 potions of brilliance {unknown}
 s - 3 potions of attraction {unknown}
 w - 3 potions of curing


   Skills:
 + Level 6.9 Fighting
 + Level 2.4 Axes
 + Level 10.6 Staves
 + Level 7.2 Armour
 + Level 2.7 Dodging
 + Level 3.2 Stealth
 + Level 3.4 Shields


You had 9 spell levels left.
You didn't know any spells.
Your spell library contained the following spells:

 Spells                   Type           Power      Damage    Failure   Level
 Freeze                   Ice            0%         1d3       52%         1
 Blink                    Tloc           0%         N/A       65%         2
 Ensorcelled Hibernation  Hex/Ice        0%         N/A       65%         2
 Passwall                 Tmut/Erth      0%         N/A       65%         2
 Dazzling Flash           Conj/Hex       0%         N/A       87%         3
 Frozen Ramparts          Ice            0%         1d1       87%         3
 Hailstorm                Conj/Ice       0%         3d3       87%         3
 Ozocubu's Armour         Ice            0%         N/A       87%         3
 Swiftness                Air            0%         N/A       87%         3
 Animate Dead             Necr           0%         N/A       99%         4
 Iskenderun's Mystic Bla  Conj/Tloc      0%         2d3       99%         4
 Manifold Assault         Tloc           0%         N/A       99%         4
 Starburst                Conj/Fire      0%         6d3       100%        6
 Haunt                    Necr/Summ      0%         N/A       100%        7
 Ozocubu's Refrigeration  Ice            0%         4d7       100%        7
 Storm Form               Tmut/Air       0%         N/A       100%        7
 Infestation              Necr           0%         N/A       100%        8


Dungeon Overview and Level Annotations

Branches:
Dungeon (9/15)             Temple (0/1) D:4             Orc (0/2) D:9
   Lair: D:8-11

Altars:
Fedhas
Trog
Uskayaw
Vehumet

Shops:
D:1 (

Annotations:
D:8 Maggie


Innate Abilities, Weirdness & Mutations

You have a moderately thin skeletal structure. (Dex +4, Stealth++)
You are robust. (+10% HP)
Your muscles are strong. (Str +4, Int/Dex -1)


Message History

You hit Maggie.
You feel better.
Maggie is heavily wounded.
Maggie hits you with a +1 glaive of flaming!
Maggie burns you.
You hit Maggie.
You feel better.
Maggie is heavily wounded.
Maggie gestures wildly while chanting.
Maggie attempts to bespell you!
You are mesmerised by Maggie!
You closely miss Maggie.
Maggie is heavily wounded.
Maggie mumbles some strange words.
Maggie draws you further into her thrall.
You closely miss Maggie.
Maggie is heavily wounded.
Maggie hits you with a +1 glaive of flaming!
Maggie burns you.
You slice Maggie!!
Maggie is almost dead.
Maggie casts a spell at you. The bolt of fire hits you!
* * * LOW HITPOINT WARNING * * *
You closely miss Maggie.
Maggie is almost dead.
You closely miss Maggie.
Maggie is almost dead.
Maggie hits you with a +1 glaive of flaming.
* * * LOW HITPOINT WARNING * * *
Maggie burns you.
* * * LOW HITPOINT WARNING * * *
You feel protected.
Maggie hits you with a +1 glaive of flaming!
* * * LOW HITPOINT WARNING * * *
Maggie burns you.
* * * LOW HITPOINT WARNING * * *
You hit Maggie but do no damage.
Maggie is almost dead.
Maggie gestures at you while chanting. The bolt of fire hits you! You resist.
You die...

.## #.##
##.........## ##
#..## #..........##
#
##..#########.....#
##..# ##..#### #
#..# ##..## # #..#
#..## # #.## ##.##
# #######.# ##.## #
##.......# #@##
#..(###### #@##
#.### ..# ###.#
#..# ##..## #.#
.##..### #..
.####..####. .#
###..## ## #..#


You could see Maggie (mesmerising).

Vanquished Creatures
  A two-headed ogre (D:8)
  Pikel (D:5)
  Prince Ribbit (D:5)
  Eustachio (D:5)
  3 yaks (D:9)
  2 wargs (D:9)
  An ice beast (D:8)
  2 orc warriors
  2 ogres (D:5)
  3 centaurs
  2 necrophages
  A gnoll sergeant (D:6)
  2 scorpions
  5 wights (D:6)
  A howler monkey (D:8)
  3 jellies
  3 orc priests (D:9)
  3 hounds
  3 gnoll boudas
  4 iguanas
  An orc wizard (D:5)
  21 gnolls
  5 adders
  A worm (D:2)
  2 dart slugs (D:4)
  11 orcs
  A ball python (D:1)
  9 endoplasms
  6 giant cockroaches
  6 hobgoblins
  2 jackals (D:1)
  3 kobolds
  5 quokkas
  8 bats
  4 frilled lizards
  3 goblins
  4 rats
136 creatures vanquished.

Vanquished Creatures (others)
  The ghost of CoolSool the Zephyrmancer, a novice TeAE of Gozag (D:5)
1 creature vanquished.

Grand Total: 137 creatures vanquished

Notes
Turn   | Place    | Note
-------+----------+-------------------------------------------
     0 | D:1      | Maratek the Human Fighter began the quest for the Orb.
     0 | D:1      | Reached XP level 1. HP: 18/18 MP: 1/1
   143 | D:1      | Reached XP level 2. HP: 24/24 MP: 2/2
   377 | D:1      | Found Roonab's Weapon Shoppe.
   544 | D:1      | Reached XP level 3. HP: 29/29 MP: 3/3
   794 | D:1      | Identified a scroll of acquirement
   794 | D:1      | Acquired a +4 vampiric lajatang
  1270 | D:2      | Reached XP level 4. HP: 35/35 MP: 4/4
  1277 | D:2      | Reached skill level 1 in Staves
  1812 | D:3      | Found a hide-covered altar of Uskayaw.
  1864 | D:3      | Found a radiant altar of Vehumet.
  1880 | D:3      | Reached XP level 5. HP: 41/41 MP: 5/5
  1887 | D:3      | Reached skill level 2 in Staves
  1904 | D:3      | Gained mutation: Armour fits poorly on your strangely
                  | shaped body. [potion of mutation]
  1904 | D:3      | Gained mutation: You are clumsy. (Dex -2) [potion of
                  | mutation]
  1904 | D:3      | Gained mutation: You have a somewhat thin skeletal
                  | structure. (Dex +2, Stealth+) [potion of mutation]
  2210 | D:4      | Lost mutation: Armour fits poorly on your strangely shaped
                  | body. [potion of mutation]
  2210 | D:4      | Lost mutation: You are clumsy. (Dex -2) [potion of
                  | mutation]
  2210 | D:4      | Gained mutation: You occasionally lose the ability to read
                  | scrolls when taking damage. [potion of mutation]
  2210 | D:4      | Gained mutation: You are clumsy. (Dex -2) [potion of
                  | mutation]
  2210 | D:4      | Gained mutation: Your muscles are strong. (Str +4, Int/Dex
                  | -1) [potion of mutation]
  2211 | D:4      | Lost mutation: Your muscles are strong. (Str +4, Int/Dex
                  | -1) [potion of mutation]
  2211 | D:4      | Lost mutation: You occasionally lose the ability to read
                  | scrolls when taking damage. [potion of mutation]
  2211 | D:4      | Lost mutation: You are clumsy. (Dex -2) [potion of
                  | mutation]
  2211 | D:4      | Gained mutation: You are robust. (+10% HP) [potion of
                  | mutation]
  2211 | D:4      | Gained mutation: Your muscles are strong. (Str +4, Int/Dex
                  | -1) [potion of mutation]
  2211 | D:4      | Gained mutation: You have a moderately thin skeletal
                  | structure. (Dex +4, Stealth++) [potion of mutation]
  2301 | D:4      | Reached skill level 3 in Staves
  2304 | D:4      | Reached XP level 6. HP: 52/52 MP: 6/6
  2539 | D:4      | Found a staircase to the Ecumenical Temple.
  2781 | D:5      | Entered Level 5 of the Dungeon
  2915 | D:5      | Noticed an ogre
  2924 | D:5      | Killed an ogre
  2925 | D:5      | Reached skill level 4 in Staves
  2939 | D:5      | Noticed Pikel
  2961 | D:5      | Killed Pikel
  2962 | D:5      | Reached skill level 5 in Staves
  2962 | D:5      | Reached skill level 1 in Dodging
  2962 | D:5      | Reached skill level 1 in Stealth
  2962 | D:5      | Reached XP level 7. HP: 42/60 MP: 7/7
  2962 | D:5      | Reached XP level 8. HP: 47/67 MP: 8/8
  2964 | D:5      | Reached skill level 6 in Staves
  2968 | D:5      | Reached skill level 5 in Armour
  3063 | D:5      | Found a bloodstained altar of Trog.
  3328 | D:5      | Noticed Eustachio
  3362 | D:5      | Killed Eustachio
  3377 | D:5      | Reached skill level 7 in Staves
  3503 | D:5      | Reached skill level 5 in Fighting
  3503 | D:5      | Reached XP level 9. HP: 67/74 MP: 9/9
  3693 | D:5      | Noticed Prince Ribbit
  3704 | D:5      | Killed Prince Ribbit
  3905 | D:5      | Found a large runed translucent door.
  3906 | D:5      | Found a large runed translucent door.
  3908 | D:5      | Noticed CoolSool's ghost (novice TeAE)
  4048 | D:5      | Killed CoolSool's ghost
  4049 | D:5      | Reached skill level 8 in Staves
  5073 | D:6      | Reached skill level 9 in Staves
  5505 | D:7      | You fall into a shaft and drop 2 floors!
  5505 | D:9      | Found a staircase to the Orcish Mines.
  5523 | D:9      | Reached XP level 10. HP: 83/83 MP: 10/10
  5618 | D:9      | Reached skill level 10 in Staves
  5635 | D:9      | Found a blossoming altar of Fedhas.
  6245 | D:8      | Noticed a two-headed ogre
  6255 | D:8      | Killed a two-headed ogre
  6572 | D:8      | Noticed Maggie
  6587 | D:8      | HP: 4/84 [Maggie/+1 glaive of flaming (1)]
  6588 | D:8      | Killed from afar by Maggie

Illustrated notes

Levels and vault maps discovered:
D:1:      dpeg_arrival_boxes_within_box, layout_basic, serial_shops, shop,
          minivault_19
D:2:      layout_rooms
D:3:      layout_loops_ring, nicolae_vehumet_radiance,
          mainiacjoe_overflow_alcove_2
D:4:      layout_basic, minmay_temple_entry_drinking_statues,
          ebering_dispersal_statue_hall
D:5:      layout_basic, trog_three_pillars_becter, ebering_ghost_disaster_area,
          minivault_4, minmay_misc_feat_five, uniq_prince_ribbit1, uniq_pikel,
          uniq_eustachio
D:6:      layout_gridville
D:7:      layout_cave_pools, mainiacjoe_overflow_chevrons, dreamdust_gnoll_farm
D:8:      layout_layer_cave, david_lair_shrubbed, serial_shops, kennysheep_mini,
          uniq_maggie
D:9:      layout_irregular_city, fedhas_altar_2, david_orc_1_choice

Skill      XL: |  1  2  3  4  5  6  7  8  9 10 |
---------------+-------------------------------+-----
Staves         | 1 3 5 7 9 10 | 10.6
Armour         | 4 5 6 7 |  7.2
Fighting       | 4 5 6 |  6.9
Dodging        | 1 2 |  2.7
Stealth        | 1 2 3 |  3.2
Axes           | |  2.4
Shields        | |  3.4

Action                   |  1- 3 |  4- 6 |  7- 9 | 10-12 || total
-------------------------+-------+-------+-------+-------++-------
Melee: War axe           |    68 |       |       |       ||    68
       Lajatang          |    40 |    82 |   155 |    83 ||   360
Evoke: Wand              |       |       |       |     1 ||     1
  Use: Potion            |     1 |     5 |     7 |     2 ||    15
       Scroll            |     1 |     2 |     4 |     1 ||     8
 Stab: Sleeping          |       |     2 |     6 |       ||     8
       Distracted        |       |       |     1 |       ||     1
Armor: Scale mail        |    64 |    34 |    39 |    24 ||   161
       Skin              |       |       |    10 |       ||    10
Dodge: Dodged            |    64 |    40 |    99 |    50 ||   253
Block: Buckler           |    21 |       |       |       ||    21

Table legend: (Time is in decaauts)
 A = Elapsed time spent in this place.
 B = Non-inter-level travel time spent in this place.
 C = Inter-level travel time spent in this place.
 D = Time resting spent in this place.
 E = Time spent auto-exploring this place.
 F = Levels seen in this place.
 G = Mean time per level.
                   A        B        C        D        E       F      G
               +--------+--------+--------+--------+--------+-----+--------+
         Total |   6627 |   6627 |      0 |      8 |   4781 |   9 |  736.3 |
       Dungeon |   6627 |   6627 |      0 |      8 |   4781 |   9 |  736.3 |
               +--------+--------+--------+--------+--------+-----+--------+

Top non-repeatable levels by time:
     D:5: 1488 daAuts
     D:6: 1199 daAuts
     D:1: 881 daAuts
     D:8: 753 daAuts
     D:2: 670 daAuts
     D:3: 654 daAuts
     D:4: 617 daAuts
     D:9: 319 daAuts
     D:7: 41 daAuts
